 Dungeon Crawl Stone Soup version 0.23.2-1-ga50397a (webtiles) character file.

Game seed: 962559280608443167

2607 Kairos the Ruffian (level 9, 0/65 (67) HPs)
             Began as a Ghoul Necromancer on Apr 24, 2019.
             Was a Follower of Okawaru.
             Slain by a hippogriff (9 damage)
             ... on level 8 of the Dungeon.
             The game lasted 00:21:07 (8183 turns).

Kairos the Ruffian (Ghoul Necromancer)              Turns: 8183, Time: 00:21:08

HP:   0/65 (67)     AC: 10    Str: 19    XL:     9   Next: 59%
MP:   2/16          EV: 12    Int: 15    God:    Okawaru [*.....]
Gold: 292           SH:  0    Dex:  9    Spells: 8/19 levels left

rFire    . . .     SeeInvis .     - Unarmed
rCold    + . .     Gourm    .   (no shield)
rNeg     + + +     Faith    +   t - +3 leather armour
rPois    ∞         Spirit   .   g - +0 helmet
rElec    .         Reflect  .   x - +1 cloak
rCorr    .         Harm     .   (no gloves)
MR       .....                  k - +0 pair of boots
Stlth    ++........             s - amulet of faith
HPRegen  0.00/turn              o - +4 ring of intelligence
MPRegen  0.15/turn              C - +5 ring of strength

@: rotting
A: rotting body, claws 1, carnivore, cold resistance 1, negative energy
resistance 3, inhibited regeneration, torment resistance, unbreathing
a: Heroism, Renounce Religion


You were on level 8 of the Dungeon.
You worshipped Okawaru.
Okawaru was aware of your devotion.
You were not hungry.

You visited 2 branches of the dungeon, and saw 9 of its levels.

You collected 292 gold pieces.

Inventory:

Hand Weapons
 B - a +0 quarterstaff
 G - a +0 morningstar
Missiles
 A - 93 arrows
 F - 5 tomahawks (quivered)
Armour
 g - a +0 helmet (worn)
 k - a +0 pair of boots (worn)
 t - a +3 leather armour (worn)
 x - a +1 cloak (worn)
Jewellery
 i - an uncursed amulet of regeneration
 o - a +4 ring of intelligence (left claw)
 p - an uncursed ring of resist corrosion
 s - an amulet of faith (around neck)
 z - an uncursed amulet of the acrobat {unknown}
 C - a +5 ring of strength (right claw)
Wands
 u - a wand of paralysis (28)
Scrolls
 b - a scroll of noise {unknown}
 e - 2 scrolls of magic mapping
 h - 3 scrolls of amnesia
 l - a scroll of teleportation
 n - a scroll of enchant weapon {unknown}
 v - 2 scrolls of remove curse
 w - a scroll of immolation {unknown}
 y - 2 scrolls of fear {unknown}
 E - a scroll of identify
 J - a scroll of blinking {unknown}
Potions
 a - a potion of heal wounds {unknown}
 d - 4 potions of invisibility
 f - 4 potions of cancellation
 j - 2 potions of haste
 m - 2 potions of flight {unknown}
 q - 2 potions of agility {unknown}
 r - a potion of curing {unknown}
 D - 2 potions of berserk rage {unknown}
 H - a potion of magic {unknown}
 I - 2 potions of might {unknown}
 K - a potion of lignification {unknown}
Comestibles
 c - 8 rations


   Skills:
 + Level 2.1 Fighting
 + Level 1.8 Armour
 + Level 3.4 Dodging
 + Level 3.4 Stealth
 * Level 7.8 Unarmed Combat
 + Level 5.5 Spellcasting
 + Level 7.6 Necromancy


You had 8 spell levels left.
You knew the following spells:

 Your Spells              Type           Power        Failure   Level  Hunger
a - Pain                  Necr           ####         1%          1    None
b - Regeneration          Chrm/Necr      ###.......   12%         3    ###....
c - Vampiric Draining     Necr           ####......   2%          3    ###....
d - Animate Dead          Necr           N/A          8%          4    ####...

Your spell library contained the following spells:

 Spells                   Type           Power        Failure   Level  Hunger
 Animate Skeleton         Necr           N/A          1%          1    None


Dungeon Overview and Level Annotations

Branches:
Dungeon (8/15)             Temple (1/1) D:6            Lair (0/6) D:8

Altars:
Ashenzari
Cheibriados
Fedhas
Gozag
Kikubaaqudgha
Makhleb
Nemelex Xobeh
Okawaru
Qazlal
Ru
Sif Muna
Trog
Uskayaw
Vehumet
Wu Jian
Xom
Zin
The Shining One

Shops:
D:5 :   D:7 (


Innate Abilities, Weirdness & Mutations

Your body is rotting away.
You thrive on raw meat.
You are immune to poison.
You have sharp fingernails.
You are carnivorous and can eat meat at any time.
Your flesh is cold resistant. (rC+)
You are immune to negative energy. (rN+++)
You do not regenerate when monsters are visible.
You are immune to unholy pain and torment.
You can survive without breathing.


Message History

The hippogriff barely resists.
The hippogriff barely misses you. The hippogriff pecks you.
* * * LOW HITPOINT WARNING * * *
The hippogriff claws you but does no damage.
Casting: Pain (safe; 1% risk of failure)
Confirm with . or Enter, or press ? or * to list all spells.
Aiming: Pain (safe; 1% risk of failure)
Press: ? - help, Shift-Dir - straight line, f/p - hippogriff
Aim: a hippogriff (almost dead, chance to defeat MR: 81%)
The hippogriff barely resists.
The hippogriff closely misses you. The hippogriff pecks you.
* * * LOW HITPOINT WARNING * * *
The hippogriff closely misses you.
Casting: Pain (safe; 1% risk of failure)
Confirm with . or Enter, or press ? or * to list all spells.
Aiming: Pain (safe; 1% risk of failure)
Press: ? - help, Shift-Dir - straight line, f/p - hippogriff
Aim: a hippogriff (almost dead, chance to defeat MR: 81%)
The hippogriff writhes in agony.
The hippogriff bites you!
You die...

*****
*............?..*
,,,,*
*...............*
,,,,*
**,.......>....#*
,,,,*
**,....#.....#*
,,,,****
***#......#**
***,,,,* ##......#
******,* *#.......#
**,,,*,***#..###H###
,,,*,*,,*#..** #@#
****,**,...** #.#
*,,,,...,,* #.#*
***,,,,..,,,* #?.*
,,,,,,,.,,,,* ##.*
,,,,,,,,,,,,* *.#
***,,,,,,,,,* *.#
**,,,,,**,*** *.#
**,*,,,**,** *,*


You could see a hippogriff.

Vanquished Creatures
  A hungry ghost (D:7)
  An orc warrior (D:6)
  A sky beast (D:6)
  A black bear (D:7)
  3 ice beasts (D:6)
  5 ogres
  A phantom (D:5)
  2 centaurs
  A bullfrog (D:7)
  A scorpion (D:4)
  2 crimson imps (D:7)
  5 hounds
  An orc priest (D:6)
  A jelly (D:5)
  4 orc wizards
  4 centaur skeletons
  6 bullfrog skeletons
  4 iguanas
  4 worker ants
  A hound zombie (D:7)
  A hound skeleton (D:5)
  Robin (D:4)
  9 adders
  2 shadow imps
  An ooze (D:3)
  An adder skeleton (D:3)
  A worm (D:3)
  2 dart slugs
  3 leopard geckos
  17 orcs
  5 giant cockroaches
  13 goblins
  4 hobgoblins
  3 jackals (D:2)
  5 kobolds
  3 quokkas
  A ball python (D:4)
  8 bats
  4 frilled lizards
  A leopard gecko skeleton (D:6)
  A quokka skeleton (D:6)
  7 rats
142 creatures vanquished.

Notes
Turn   | Place    | Note
-------+----------+-------------------------------------------
     0 | D:1      | Kairos the Ghoul Necromancer began the quest for the Orb.
     0 | D:1      | Reached XP level 1. HP: 14/14 MP: 2/2
    43 | D:1      | Reached XP level 2. HP: 14/20 MP: 3/3
   767 | D:2      | Reached XP level 3. HP: 26/26 MP: 4/4
   775 | D:2      | Reached skill level 1 in Unarmed Combat
  1492 | D:2      | Reached XP level 4. HP: 20/32 MP: 0/6
  2235 | D:3      | Reached XP level 5. HP: 38/38 MP: 3/7
  2825 | D:4      | Reached skill level 1 in Fighting
  2966 | D:4      | Reached XP level 6. HP: 38/48 MP: 8/8
  3056 | D:4      | Noticed Robin
  3096 | D:4      | Killed Robin
  3290 | D:4      | Reached skill level 5 in Necromancy
  3366 | D:4      | Reached XP level 7. HP: 39/53 MP: 6/9
  3387 | D:4      | Found an opulent altar of Gozag.
  3425 | D:4      | Reached skill level 5 in Unarmed Combat
  3756 | D:5      | Entered Level 5 of the Dungeon
  3971 | D:5      | Found Koazyett's Book Boutique.
  4061 | D:5      | Learned a level 3 spell: Regeneration
  4117 | D:5      | Reached skill level 1 in Armour
  4117 | D:5      | Reached XP level 8. HP: 52/60 MP: 1/12
  5358 | D:6      | Found a staircase to the Ecumenical Temple.
  5367 | Temple   | Entered the Ecumenical Temple
  5547 | Temple   | Became a worshipper of Warmaster Okawaru
  5842 | D:6      | Reached XP level 9. HP: 56/65 MP: 5/14
  6066 | D:5      | Reached * piety under Okawaru
  6358 | D:6      | Learned a level 3 spell: Vampiric Draining
  6363 | D:6      | Learned a level 4 spell: Animate Dead
  6398 | D:7      | Found a glowing golden altar of the Shining One.
  6537 | D:7      | Reached skill level 5 in Spellcasting
  6750 | D:7      | Found a shimmering altar of Xom.
  6761 | D:7      | Found Fuafiad's Weapon Shop.
  8041 | D:8      | Found a staircase to the Lair.
  8154 | D:8      | Noticed a troll
  8183 | D:8      | Slain by a hippogriff

Skill      XL: |  1  2  3  4  5  6  7  8  9 |
---------------+----------------------------+-----
Dodging        | 2 3 |  3.4
Unarmed Combat | 1 2 3 4 5 6 7 |  7.8
Spellcasting   | 2 3 4 5 |  5.5
Fighting       | 1 2 |  2.1
Stealth        | 3 |  3.4
Necromancy     | 5 6 7 |  7.6
Armour         | 1 |  1.8

Action                   |  1- 3 |  4- 6 |  7- 9 || total
-------------------------+-------+-------+-------++-------
Melee: Unarmed           |   107 |   137 |   171 ||   415
       Punch             |       |     4 |     4 ||     8
 Cast: Pain              |    28 |    51 |   212 ||   291
       Animate Dead      |       |       |     1 ||     1
Invok: Heroism           |       |       |     1 ||     1
Evoke: Wand              |       |     4 |       ||     4
  Use: Scroll            |       |     6 |     2 ||     8
 Stab: Sleeping          |     3 |       |     1 ||     4
       Paralysed         |       |     6 |       ||     6
  Eat: Chunk             |     4 |    10 |    21 ||    35
Armor: Robe              |    28 |    17 |       ||    45
       Leather armour    |       |    26 |   100 ||   126
Dodge: Dodged            |    78 |   111 |   180 ||   369
